 Dungeon Crawl Stone Soup version 0.27.1-4-g1640c2035a (webtiles) character file.

Game seed: 5762148596749470685

293 Crownlay the Cudgeller (level 6, -1/62 HPs)
             Began as an Ogre Berserker on Nov 5, 2021.
             Was a Believer of Trog.
             Slain by a scorpion (5 damage)
             ... on level 5 of the Dungeon.
             The game lasted 00:05:51 (3535 turns).

Crownlay the Cudgeller (Ogre Berserker)             Turns: 3535, Time: 00:05:52

Health: -1/62      AC:  4    Str: 24    XL:     6   Next: 33%
Magic:  6/6        EV: 10    Int:  8    God:    Trog [**....]
Gold:   88         SH:  0    Dex: 14    Spells: 5/5 levels left

rFire    . . .     SeeInvis .   a - +0 mace
rCold    . . .     Faith    .   (no shield)
rNeg     . . .     Spirit   .   b - +0 animal skin
rPois    .         Reflect  .   (helmet restricted)
rElec    .         Harm     .   e - +0 cloak
rCorr    .         Rampage  .   (gloves unavailable)
Will     +++..                  (boots unavailable)
Stlth    +.........             (no amulet)
HPRegen  1.20/turn              j - +6 ring of dexterity
MPRegen  0.10/turn              g - ring of willpower

@: strong-willed, regenerating
A: large, unfitting armour, tough skin 1
a: Renounce Religion, Berserk, Trog's Hand


You were on level 5 of the Dungeon.
You worshipped Trog.
Trog was pleased with you.
You visited 1 branch of the dungeon, and saw 5 of its levels.

You collected 88 gold pieces.

Inventory:

Hand Weapons
 a - a +0 mace (weapon)
Armour
 b - a +0 animal skin (worn)
 e - a +0 cloak (worn)
Jewellery
 g - a ring of willpower (right hand)
 j - a +6 ring of dexterity (left hand)
Scrolls
 c - 2 scrolls of identify {unknown}
 k - a scroll of fear {unknown}
Potions
 d - a potion of ambrosia {unknown}
 f - a potion of resistance {unknown}
 h - a potion of flight {unknown}
 i - a potion of magic {unknown}


   Skills:
 - Level 4.0 Fighting
 + Level 6.3 Maces & Flails
 - Level 2.6 Dodging


You had 5 spell levels left.
You didn't know any spells.
Your spell library was empty.

Dungeon Overview and Level Annotations

Branches:
Dungeon (5/15)
 Temple: D:4-7

Altars:

Shops:
D:2 (   D:3 :


Innate Abilities, Weirdness & Mutations

You are too large for most types of armour.
You have tough skin. (AC +1)


Message History

You are poisoned.
The scorpion poisons you!
You feel very sick. The hound bites you.
* * * LOW HITPOINT WARNING * * *
You feel sick.
You feel sick.
You feel sick.
You feel sick. The scorpion stings you.
* * * LOW HITPOINT WARNING * * *
There is a stone staircase leading down here.
You can't go up here!
You feel sick. The scorpion barely misses you.
You climb downwards.
There is a stone staircase leading up here.
You hit the scorpion.
The scorpion is moderately wounded.
You feel sick. The scorpion stings you.
* * * LOW HITPOINT WARNING * * *
You hit the scorpion.
The scorpion is moderately wounded.
You feel sick.
You are no longer poisoned.
The scorpion stings you but does no damage.
You hit the scorpion.
The scorpion is severely wounded.
The scorpion barely misses you. The scorpion stings you.
* * * LOW HITPOINT WARNING * * *
Your skin crawls.
You feel strong-willed. The scorpion stings you.
* * * LOW HITPOINT WARNING * * *
Okay, then.
You closely miss the scorpion.
The scorpion is severely wounded.
The scorpion closely misses you.
You hit the scorpion.
The scorpion is almost dead.
The scorpion stings you.
You die...

#
#..######..#
#....@.....#
#.#...s....#
#.........##
###.#######
#. #. #


You could see a scorpion.

Vanquished Creatures
  A black bear (D:4)
  2 orc priests (D:3)
  5 gnolls
  2 adders
  A white imp (D:3)
  2 orcs
  5 ball pythons
  5 bats
  6 endoplasms
  6 giant cockroaches
  7 goblins
  2 hobgoblins
  2 jackals (D:2)
  3 quokkas
  3 frilled lizards
  7 kobolds
  6 rats
65 creatures vanquished.

Notes
Turn   | Place    | Note
-------+----------+-------------------------------------------
     0 | D:1      | Crownlay the Ogre Berserker began the quest for the Orb.
     0 | D:1      | Reached XP level 1. HP: 24/24 MP: 1/1
   159 | D:1      | Reached skill level 3 in Maces & Flails
   324 | D:1      | Reached XP level 2. HP: 31/32 MP: 2/2
   886 | D:1      | Reached XP level 3. HP: 39/39 MP: 3/3
   931 | D:1      | Found a faded altar of an unknown god.
   974 | D:1      | Reached ** piety under Trog
  1196 | D:2      | Reached skill level 4 in Maces & Flails
  1397 | D:2      | HP: 2/58 [gnoll (9)]
  1846 | D:2      | Reached XP level 4. HP: 45/48 MP: 4/4
  2169 | D:2      | Found Beekywn's Weapon Boutique.
  2360 | D:3      | Reached skill level 5 in Maces & Flails
  2360 | D:3      | Reached XP level 5. HP: 25/54 MP: 5/5
  3050 | D:3      | Found Ygulemesh's Book Boutique.
  3187 | D:4      | Noticed a black bear
  3200 | D:4      | Killed a black bear
  3201 | D:4      | Reached skill level 6 in Maces & Flails
  3201 | D:4      | Reached XP level 6. HP: 57/62 MP: 6/6
  3529 | D:5      | Entered Level 5 of the Dungeon
  3533 | D:5      | HP: 1/62 [scorpion (5)]
  3535 | D:5      | Slain by a scorpion

Illustrated notes

Levels and vault maps discovered:
D:1:      dpeg_arrival_ternary, layout_loops_corners,
          hellmonk_ecumenical_altar_run_dry
D:2:      layout_loops_cross, serial_shops, nicolae_shop_waterfront,
          minivault_25, chequers_mini_garden, nrook_uturn,
          minmay_split_cup_small
D:3:      layout_rooms, serial_shops, shop
D:4:      layout_basic, amcnicky_altar_gilded
D:5:      layout_loops_ring, gammafunk_temple_overflow_forgotten

Skill      XL: |  1  2  3  4  5 |
---------------+----------------+-----
Maces & Flails | 3 4 5 6 |  6.3
Fighting       | |  4.0
Dodging        | |  2.6

Action                   |  1- 3 |  4- 6 || total
-------------------------+-------+-------++-------
Melee: Mace              |   141 |    89 ||   230
Invok: Berserk           |     1 |     3 ||     4
       Trog's Hand       |     1 |     5 ||     6
 Stab: Sleeping          |       |     1 ||     1
Armor: Animal skin       |    49 |    28 ||    77
Dodge: Dodged            |   105 |    82 ||   187
